 Dungeon Crawl Stone Soup version 0.30-a0-385-gfebfb9b408 (webtiles) character file.

Game seed: 16355039032266089511

58 Sabo the Chopper (level 3, -3/36 HPs)
             Began as a Troll Berserker on Dec 2, 2022.
             Was a Believer of Trog.
             Slain by Grinder (5 damage)
             ... while paralysed by Grinder
             ... on level 3 of the Dungeon.
             The game lasted 00:11:24 (2212 turns).

Sabo the Chopper (Troll Berserker)                  Turns: 2212, Time: 00:11:25

Health: -3/36      AC:  4    Str: 25    XL:     3   Next: 75%
Magic:  0/11       EV:  1    Int:  3    God:    Trog [**....]
Gold:   147        SH:  0    Dex: 11    Spells: 2/2 levels left

rFire   . . .      SeeInvis .    e - +0 war axe
rCold   . . .      Faith    .    (no shield)
rNeg    . . .      Spirit   +    l - +0 robe
rPois   .          Reflect  .    (helmet restricted)
rElec   .          Harm     .    (no cloak)
rCorr   .          Rampage  .    (gloves unavailable)
Will    .....                    (boots unavailable)
Stlth   +.........               h - amulet of guardian spirit
HPRegen 1.06/turn                s - ring of magical power
MPRegen 0.12/turn                (no ring)

@: paralysed, on berserk cooldown, slowed
A: large, unfitting armour, claws 3, regeneration 1, shaggy fur 1, tough skin 1
a: Renounce Religion, Berserk, Trog's Hand


You were on level 3 of the Dungeon.
You worshipped Trog.
Trog was pleased with you.
You visited 1 branch of the dungeon, and saw 3 of its levels.

You collected 147 gold pieces.

Inventory:

Hand Weapons
 e - a +0 war axe (weapon)
 m - a +2 vorpal mace
 r - a +0 sling
Armour
 l - a +0 robe (worn)
Jewellery
 h - an amulet of guardian spirit (around neck)
 s - a ring of magical power (left claw)
Wands
 p - a wand of light (7)
Scrolls
 a - 4 scrolls of poison {unknown}
 c - 3 scrolls of teleportation
 d - a scroll of magic mapping {unknown}
 g - a scroll of identify {unknown}
 i - a scroll of immolation {unknown}
 k - a scroll of amnesia {unknown}
 n - a scroll of brand weapon {unknown}
 q - a scroll of enchant armour {unknown}
Potions
 b - a potion of brilliance {unknown}
 f - a potion of berserk rage {unknown}
 j - a potion of cancellation {unknown}
 o - 2 potions of curing {unknown}


   Skills:
 + Level 2.9 Fighting
 + Level 3.1 Axes
 + Level 2.9 Dodging


You had 2 spell levels left.
You didn't know any spells.
Your spell library was empty.

Dungeon Overview and Level Annotations

Branches:
Dungeon (3/15)

Altars:

Annotations:
D:3 Grinder


Innate Abilities, Weirdness & Mutations

You are too large for most types of armour.
You have claws for hands.
Your natural rate of healing is unusually fast.
You are covered in fur. (AC +1)
You have tough skin. (AC +1)


Message History

You hit Grinder.
Grinder is heavily wounded.
Grinder closely misses you.
You closely miss Grinder.
Grinder is heavily wounded.
Grinder grins, showing sharp teeth.
Grinder blinks!
You feel a strong urge to attack something.
Grinder gestures at you.
You suddenly lose the ability to move!
Grinder gestures at you. Pain shoots through your body!
You can move again.
You are no longer berserk.
You are exhausted.
You feel yourself slow down.
You hit Grinder.
Grinder is severely wounded.
Grinder gestures at you.
You barely resist.
Grinder says, "What is the universe for?"
Grinder closely misses you.
You hit Grinder.
Grinder is severely wounded.
Grinder gestures at you. Pain shoots through your body! Grinder hits you.
You writhe in agony.
You hit Grinder but do no damage.
Grinder is severely wounded.
Grinder closely misses you. Grinder barely misses you.
You slash Grinder!
Grinder is almost dead.
Grinder gestures at you.
You suddenly lose the ability to move!
Grinder hits you!
* * * LOW HITPOINT WARNING * * *
You writhe in agony.
* * * LOW HITPOINT WARNING * * *
Grinder hits you.
* * * LOW HITPOINT WARNING * * *
You writhe in agony.
You die...

#.# #.# ..## # ..>##.####
#........# #..#####.#
......##.# # #........#
#.#######
#.<##.#..###...5@..#
.............##.##.#
#.....#.####.#.#...######
##.##.#.# ##..........
#......# # #.##.#.####
####.### #.##.##.#.# #
#...# #.......# # # #...#
####.)### # #...#
#.......#


You could see Grinder.

Vanquished Creatures
  An adder (D:2)
  A dart slug (D:1)
  4 endoplasms
  2 giant cockroaches (D:1)
  4 goblins
  8 hobgoblins
  A jackal (D:1)
  3 quokkas (D:1)
  3 ball pythons (D:1)
  5 bats
  3 frilled lizards
  5 kobolds
  3 rats (D:1)
43 creatures vanquished.

Notes
Turn   | Place    | Note
-------+----------+-------------------------------------------
     0 | D:1      | Sabo the Troll Berserker began the quest for the Orb.
     0 | D:1      | Reached XP level 1. HP: 22/22 MP: 0/0
   200 | D:1      | Reached XP level 2. HP: 29/29 MP: 1/1
   712 | D:1      | Reached XP level 3. HP: 36/36 MP: 0/2
   917 | D:1      | Reached ** piety under Trog
  1226 | D:2      | Reached skill level 3 in Axes
  1258 | D:2      | Found a faded altar of an unknown god.
  2192 | D:3      | Noticed Grinder
  2203 | D:3      | Paralysed by Grinder for 2 turns
  2211 | D:3      | Paralysed by Grinder for 4 turns
  2212 | D:3      | Slain by Grinder

Illustrated notes

Levels and vault maps discovered:
D:1:      evilmike_arrival_hilbert_curve, layout_loops_corners,
          minmay_tetromino_i4
D:2:      layout_basic, basic_ecumenical_altar
D:3:      layout_loops_cross, lemuel_zombie_altar_kikubaaqudgha, uniq_ijyb,
          uniq_grinder

Skill      XL: |  1  2  3 |
---------------+----------+-----
Axes           | 3 |  3.1
Fighting       | |  2.9
Dodging        | |  2.9

Action                   || total
-------------------------++-------
Melee: Hand axe          ||    26
       War axe           ||    89
Invok: Berserk           ||     1
  Use: Scroll            ||     1
Armor: Animal skin       ||    36
       Robe              ||    20
Dodge: Dodged            ||    52

Table legend: (Time is in decaauts)
 A = Elapsed time spent in this place.
 B = Non-inter-level travel time spent in this place.
 C = Inter-level travel time spent in this place.
 D = Time resting spent in this place.
 E = Time spent auto-exploring this place.
 F = Levels seen in this place.
 G = Mean time per level.
                   A        B        C        D        E       F      G
               +--------+--------+--------+--------+--------+-----+--------+
         Total |   2247 |   2247 |      0 |    111 |      0 |   3 |  749.0 |
       Dungeon |   2247 |   2247 |      0 |    111 |      0 |   3 |  749.0 |
               +--------+--------+--------+--------+--------+-----+--------+

Top non-repeatable levels by time:
     D:1: 1207 daAuts
     D:2: 555 daAuts
     D:3: 485 daAuts
